 Dungeon Crawl Stone Soup version 0.21.1-1-g345015f (webtiles) character file.

1571 tidbits the Sneak (level 8, 0/59 HPs)
             Began as a Gnoll Enchanter on Feb 20, 2018.
             Slain by a hound (5 damage)
             ... on level 7 of the Dungeon.
             The game lasted 00:17:09 (1907 turns).

tidbits the Sneak (Gnoll Enchanter)                 Turns: 1907, Time: 00:17:10

Health: 0/59       AC:  3    Str: 10    XL:     8   Next: 90%
Magic:  17/17      EV: 18    Int: 22    God:
Gold:   236        SH:  4    Dex: 16    Spells: 10/19 levels left

rFire    . . .     SeeInvis .   b - +0 rapier
rCold    . . .     Gourm    .   (no shield)
rNeg     . . .     Faith    .   B - +0 robe
rPois    .         Spirit   .   E - +1 helmet
rElec    .         Reflect  .   C - +0 cloak
rCorr    .         Harm     .   G - +0 pair of gloves
MR       .....                  F - +0 pair of boots
Stlth    ++++......             R - amulet of regeneration
HPRegen  0.59/turn              n - +2 ring of intelligence
MPRegen  0.15/turn              (no ring)

@: corroded
A: distributed training, fangs 1, repulsion field 1, large bone plates 1, strong
nose
a: no special abilities


You were on level 7 of the Dungeon.
You were not hungry.

You visited 2 branches of the dungeon, and saw 8 of its levels.
You also visited: Ossuary.

You collected 236 gold pieces.

Inventory:

Hand Weapons
 a - a +1 dagger
 b - a +0 rapier (weapon)
Missiles
 m - 14 tomahawks (quivered)
 D - 23 arrows
Armour
 B - a +0 robe (worn)
 C - a +0 cloak (worn)
 E - a +1 helmet (worn)
 F - a +0 pair of boots (worn)
 G - a +0 pair of gloves (worn)
 H - a +0 ring mail
Jewellery
 h - a cursed amulet of inaccuracy {unknown}
   (You found it on level 5 of the Dungeon)
 n - a +2 ring of intelligence (left hand)
   (You found it in an ossuary)
 J - an uncursed amulet of rage {unknown}
   (You found it on level 5 of the Dungeon)
 R - an amulet of regeneration (around neck)
   (You found it on level 2 of the Dungeon)
Scrolls
 f - 2 scrolls of fear
 i - a scroll of fog
 j - a scroll of teleportation
 l - 2 scrolls of enchant weapon
 o - a scroll of blinking {unknown}
 q - a scroll of torment
 r - 7 scrolls of remove curse
 s - a scroll of enchant armour {unknown}
 w - a scroll of amnesia {unknown}
 y - a scroll of immolation {unknown}
 z - a scroll of magic mapping {unknown}
Potions
 e - 3 potions of ambrosia
 g - 3 potions of curing
 p - 2 potions of degeneration {unknown}
 t - a potion of invisibility {unknown}
 u - a potion of brilliance {unknown}
 v - a potion of mutation {!q}
 x - a potion of lignification
 A - a potion of agility {unknown}
 I - a potion of haste {unknown}
 K - a potion of cancellation {unknown}
Books
 d - a book of Maledictions

   Spells                             Type                      Level
   a - Corona                         Hexes                        1
   b - Ensorcelled Hibernation        Hexes/Ice                    2
   c - Confuse                        Hexes                        3
   d - Tukima's Dance                 Hexes                        3
   e - Dazzling Spray                 Conjuration/Hexes            3
 k - a book of Air
   (You found it on level 5 of the Dungeon)

   Spells                             Type                      Level
   a - Shock                          Conjuration/Air              1
   b - Swiftness                      Charms/Air                   2
   c - Static Discharge               Conjuration/Air              3
   d - Airstrike                      Air                          4
   e - Lightning Bolt                 Conjuration/Air              5
Comestibles
 c - 5 rations


   Skills:
 + Level 3.6 Fighting
 + Level 4.5 Short Blades
 + Level 3.6 Long Blades
 + Level 3.6 Axes
 + Level 3.6 Maces & Flails
 + Level 3.6 Polearms
 + Level 3.6 Staves
 + Level 3.6 Slings
 + Level 3.6 Bows
 + Level 3.6 Crossbows
 + Level 3.6 Throwing
 + Level 3.6 Armour
 + Level 5.9 Dodging
 + Level 7.0 Stealth
 + Level 3.6 Shields
 + Level 3.6 Unarmed Combat
 + Level 6.2 Spellcasting
 + Level 2.9 Conjurations
 + Level 6.2 Hexes
 + Level 2.9 Charms
 + Level 2.9 Summonings
 + Level 2.9 Necromancy
 + Level 2.9 Translocations
 + Level 2.9 Transmutations
 + Level 2.9 Fire Magic
 + Level 2.9 Ice Magic
 + Level 2.9 Air Magic
 + Level 2.9 Earth Magic
 + Level 2.9 Poison Magic
 + Level 4.0 Invocations
 + Level 3.6 Evocations


You had 10 spell levels left.
You knew the following spells:

 Your Spells              Type           Power        Failure   Level  Hunger
c - Confuse               Hex            ####....     1%          3    #......
d - Dazzling Spray        Conj/Hex       ####..       4%          3    #......
e - Ensorcelled Hibernat  Hex/Ice        ####..       1%          2    None
o - Corona                Hex            ####...      1%          1    None


Dungeon Overview and Level Annotations

Branches:
Dungeon (7/15)             Temple (1/1) D:5

Altars:
Ashenzari
Dithmenos
Elyvilon
Fedhas
Hepliaklqana
Kikubaaqudgha
Makhleb
Nemelex Xobeh
Okawaru
Qazlal
Sif Muna
Trog
Uskayaw
Vehumet
Wu Jian
Xom
Yredelemnul
Zin
The Shining One

Annotations:
D:7 Joseph


Innate Abilities, Weirdness & Mutations

Your experience applies equally to all skills.
You have very sharp teeth.
Your uncanny sense of smell can sniff out nearby items.
You are surrounded by a mild repulsion field. (EV +2)
You are partially covered in large bone plates. (SH +4)


Message History

Items here: ( ) †† an uncursed shortbow; 23 arrows; a leopard gecko corpse; a centaur corpse
D - 23 arrows You feel sick.
You feel sick.
You see here a worker ant corpse.
There is an open door here.
You see here a quokka corpse.
Casting: Dazzling Spray
Confirm with . or Enter, or press ? or * to list all spells.
Aiming: Ensorcelled Hibernation
Press: ? - help, Shift-Dir - straight line, f - dart slug
Aim: a dart slug (clinging, hasn't noticed you, chance to defeat MR: 73%)
The dart slug struggles to resist.
You feel sick. The dart slug launches a dart at you. You block the slug dart.
You feel sick.
Casting: Ensorcelled Hibernation
Confirm with . or Enter, or press ? or * to list all spells.
Aiming: Ensorcelled Hibernation
Press: ? - help, Shift-Dir - straight line, f/p - dart slug
Aim: a dart slug (chance to defeat MR: 73%)
The dart slug looks drowsy...
You feel sick.
The helpless dart slug fails to defend itself.
You impale the dart slug!!
You kill the dart slug!
You feel sick.
You feel sick.
There is an open door here.
You see here a quokka corpse.
All of the chunks of flesh in your inventory have rotted away.
You see here a worker ant corpse.
You feel sick.
You open the door.
Found five items.
Unknown command.
Found five items.
There is an open door here.
You feel sick.
You see here a pair of gloves.
s - a pair of gloves You see here 12 gold pieces.
You now have 236 gold pieces (gained 12).
You feel sick.
You are no longer poisoned.
You see here a scroll labeled GONICWI DESUMM.
G - a scroll labeled GONICWI DESUMM You see here a ring mail.
H - a ring mail You see here a pink potion.
I - a pink potion You see here a twisted blue amulet.
J - a twisted blue amulet You see here a smoky grey potion.
K - a smoky grey potion You see here a scroll of remove curse.
r - 7 scrolls of remove curse (gained 1)
You see here a ration.
c - 5 rations (gained 1)
Okay, then.
Wear which item? (? for menu, Esc to quit)
You start putting on your armour.
You continue putting on your pair of gloves. x4
You finish putting on your +0 pair of gloves.
Adjust (i)tems, (s)pells, or (a)bilities?
Adjust which item? (? for menu, Esc to quit)
s - a +0 pair of gloves (worn)
Adjust to which letter? (? for menu, Esc to quit)
G - a +0 pair of gloves (worn);
s - a scroll labeled GONICWI DESUMM
There is an open door here.
There is a stone staircase leading down here.
You climb downwards.
There is a stone staircase leading up here.
There is an open door here.
There is an escape hatch in the floor here.
You slide downwards.
The hatch slams shut behind you. 6 orcs and an orc wizard come into view.
Unknown command.
A hound comes into view.
Unknown command.
Joseph, a Mercenary comes into view.
He is wielding a quarterstaff.
Joseph shouts!
Joseph unwields an uncursed quarterstaff.
Joseph wields a hunting sling.
Joseph shoots a sling bullet.
The sling bullet hits you!
The hound barks!
Found 15 gold pieces, a flail and 8 needles of paralysis.
You see here a sling bullet.
Joseph shoots a sling bullet.
The sling bullet hits you!!
* * * LOW HITPOINT WARNING * * *
The hound closely misses you.
You see here a sling bullet.
The hound bites you but does no damage.
Joseph zaps a wand.
The bolt of acid hits you!
* * * LOW HITPOINT WARNING * * *
The acid corrodes you!
You are splashed with acid!
The acid burns!
* * * LOW HITPOINT WARNING * * *
It is a wand of acid (10).
The hound bites you.
You die...

#........# .#
#........##.# ...#.
#...........###.#..#
#...................
#.....Z...## .......
#.........# .......
#.........# ....... ∆
###.#######(###.......
#...#.......(h@...#
#..###$...@......###
...# #(.)......#.# ...
#.......#...### ..
#.......#.....# o.
#.......#.###<# .
#########.# #.## o
#..###..####.
##########.###........#


You could see Joseph and a hound.

Vanquished Creatures
  A hungry ghost (D:7)
  Duvessa (D:6)
  2 sky beasts (D:6)
  An orc warrior (D:6)
  A centaur (D:5)
  An ogre (D:6)
  A bullfrog (D:6)
  Dowan (D:6)
  A scorpion (D:5)
  The ghost of tidbits the Insei, a weakling GnTm (D:6)
  A howler monkey (D:4)
  2 bullfrog zombies (Ossuary)
  4 centaur zombies (Ossuary)
  2 hounds (D:5)
  An orc priest (D:6)
  4 worker ants
  A hound zombie (D:6)
  10 mummies (Ossuary)
  4 worker ant zombies (Ossuary)
  2 adders
  2 oozes
  An adder skeleton (D:5)
  A worm (D:3)
  A dart slug (D:5)
  2 leopard geckos
  8 orcs
  2 ball pythons
  A goblin (D:2)
  2 hobgoblins (D:2)
  2 jackals (D:6)
  A kobold (D:3)
  2 quokkas
  A frilled lizard (D:4)
  A leopard gecko zombie (Ossuary)
  2 quokka zombies (Ossuary)
  2 rats
73 creatures vanquished.

Vanquished Creatures (others)
  A withered plant (Ossuary)
1 creature vanquished.

Grand Total: 74 creatures vanquished

Notes
Turn   | Place    | Note
-------+----------+-------------------------------------------
     0 | D:1      | tidbits the Gnoll Enchanter began the quest for the Orb.
     0 | D:1      | Reached XP level 1. HP: 13/13 MP: 6/6
   111 | D:2      | Reached XP level 2. HP: 10/19 MP: 7/7
   115 | D:2      | Learned a level 2 spell: Ensorcelled Hibernation
   330 | D:4      | Noticed a howler monkey
   333 | D:4      | Killed a howler monkey
   333 | D:4      | Reached skill level 1 in Fighting
   333 | D:4      | Reached skill level 1 in Long Blades
   333 | D:4      | Reached skill level 1 in Axes
   333 | D:4      | Reached skill level 1 in Maces & Flails
   333 | D:4      | Reached skill level 1 in Polearms
   333 | D:4      | Reached skill level 1 in Staves
   333 | D:4      | Reached skill level 1 in Slings
   333 | D:4      | Reached skill level 1 in Bows
   333 | D:4      | Reached skill level 1 in Crossbows
   333 | D:4      | Reached skill level 1 in Throwing
   333 | D:4      | Reached skill level 1 in Armour
   333 | D:4      | Reached skill level 6 in Stealth
   333 | D:4      | Reached skill level 1 in Shields
   333 | D:4      | Reached skill level 1 in Unarmed Combat
   333 | D:4      | Reached skill level 5 in Spellcasting
   333 | D:4      | Reached skill level 1 in Invocations
   333 | D:4      | Reached skill level 1 in Evocations
   333 | D:4      | Reached XP level 3. HP: 26/26 MP: 5/9
   338 | D:4      | Learned a level 3 spell: Confuse
   350 | D:4      | Reached XP level 4. HP: 32/32 MP: 1/11
   416 | D:3      | You fall through a shaft for 2 floors!
   416 | D:5      | Entered Level 5 of the Dungeon
   422 | D:5      | Reached skill level 1 in Conjurations
   422 | D:5      | Reached skill level 1 in Charms
   422 | D:5      | Reached skill level 1 in Summonings
   422 | D:5      | Reached skill level 1 in Necromancy
   422 | D:5      | Reached skill level 1 in Translocations
   422 | D:5      | Reached skill level 1 in Transmutations
   422 | D:5      | Reached skill level 1 in Fire Magic
   422 | D:5      | Reached skill level 1 in Ice Magic
   422 | D:5      | Reached skill level 1 in Air Magic
   422 | D:5      | Reached skill level 1 in Earth Magic
   422 | D:5      | Reached skill level 1 in Poison Magic
   463 | D:5      | Found a glowing silver altar of Zin.
   523 | D:5      | Learned a level 3 spell: Dazzling Spray
   591 | D:5      | Reached XP level 5. HP: 37/37 MP: 7/12
   696 | D:5      | Reached skill level 3 in Short Blades
   718 | D:5      | Found a staircase to the Ecumenical Temple.
   725 | Temple   | Entered the Ecumenical Temple
   871 | D:6      | Noticed an ogre
   873 | D:6      | Found a sand-covered staircase.
   887 | D:6      | Gained mutation: You are surrounded by a mild repulsion field. (EV +2) [potion of mutation]
   887 | D:6      | Gained mutation: You are partially covered in large bone plates. (SH +4) [potion of mutation]
   902 | D:6      | Killed an ogre
   902 | D:6      | Reached skill level 2 in Invocations
   902 | D:6      | Reached XP level 6. HP: 39/44 MP: 2/14
   918 | D:6      | Noticed a sky beast
   923 | D:6      | Killed a sky beast
   923 | D:6      | Reached skill level 2 in Fighting
   923 | D:6      | Reached skill level 2 in Long Blades
   923 | D:6      | Reached skill level 2 in Axes
   923 | D:6      | Reached skill level 2 in Maces & Flails
   923 | D:6      | Reached skill level 2 in Polearms
   923 | D:6      | Reached skill level 2 in Staves
   923 | D:6      | Reached skill level 2 in Slings
   923 | D:6      | Reached skill level 2 in Bows
   923 | D:6      | Reached skill level 2 in Crossbows
   923 | D:6      | Reached skill level 2 in Throwing
   923 | D:6      | Reached skill level 2 in Armour
   923 | D:6      | Reached skill level 5 in Dodging
   923 | D:6      | Reached skill level 2 in Shields
   923 | D:6      | Reached skill level 2 in Unarmed Combat
   923 | D:6      | Reached skill level 2 in Evocations
   954 | D:7      | Noticed a hungry ghost
   971 | D:7      | Killed a hungry ghost
   971 | D:7      | Reached XP level 7. HP: 51/51 MP: 1/15
  1004 | D:6      | Found an ornate altar of the Wu Jian Council.
  1022 | D:6      | Reached skill level 2 in Conjurations
  1022 | D:6      | Reached skill level 2 in Charms
  1022 | D:6      | Reached skill level 2 in Summonings
  1022 | D:6      | Reached skill level 2 in Necromancy
  1022 | D:6      | Reached skill level 2 in Translocations
  1022 | D:6      | Reached skill level 2 in Transmutations
  1022 | D:6      | Reached skill level 2 in Fire Magic
  1022 | D:6      | Reached skill level 2 in Ice Magic
  1022 | D:6      | Reached skill level 2 in Air Magic
  1022 | D:6      | Reached skill level 2 in Earth Magic
  1022 | D:6      | Reached skill level 2 in Poison Magic
  1037 | D:6      | Noticed tidbits's ghost (weakling GnTm)
  1047 | D:6      | Killed tidbits's ghost
  1059 | D:6      | Found a stormy altar of Qazlal.
  1146 | Ossuary  | Entered an ossuary
  1186 | Ossuary  | Reached skill level 3 in Invocations
  1225 | Ossuary  | Reached XP level 8. HP: 32/57 MP: 16/16
  1256 | Ossuary  | Reached skill level 6 in Hexes
  1346 | Ossuary  | Reached skill level 4 in Short Blades
  1347 | Ossuary  | Reached skill level 3 in Fighting
  1347 | Ossuary  | Reached skill level 3 in Long Blades
  1347 | Ossuary  | Reached skill level 3 in Axes
  1347 | Ossuary  | Reached skill level 3 in Maces & Flails
  1347 | Ossuary  | Reached skill level 3 in Polearms
  1347 | Ossuary  | Reached skill level 3 in Staves
  1347 | Ossuary  | Reached skill level 3 in Slings
  1347 | Ossuary  | Reached skill level 3 in Bows
  1347 | Ossuary  | Reached skill level 3 in Crossbows
  1347 | Ossuary  | Reached skill level 3 in Throwing
  1347 | Ossuary  | Reached skill level 3 in Armour
  1347 | Ossuary  | Reached skill level 3 in Shields
  1347 | Ossuary  | Reached skill level 3 in Unarmed Combat
  1347 | Ossuary  | Reached skill level 3 in Evocations
  1494 | D:6      | Reached skill level 6 in Spellcasting
  1534 | D:6      | Found a glowing golden altar of the Shining One.
  1554 | D:7      | Noticed Duvessa
  1554 | D:7      | Noticed Dowan
  1572 | D:6      | Killed Duvessa
  1587 | D:6      | Killed Dowan
  1587 | D:6      | Reached skill level 7 in Stealth
  1795 | D:5      | Reached skill level 4 in Invocations
  1904 | D:7      | Noticed Joseph
  1906 | D:7      | HP: 4/59 [acid (11)]
  1907 | D:7      | Slain by a hound

Skill      XL: |  1  2  3  4  5  6  7  8 |
---------------+-------------------------+-----
Fighting       | 1 2 3 |  3.6
Long Blades    | 1 2 3 |  3.6
Axes           | 1 2 3 |  3.6
Maces & Flails | 1 2 3 |  3.6
Polearms       | 1 2 3 |  3.6
Staves         | 1 2 3 |  3.6
Slings         | 1 2 3 |  3.6
Bows           | 1 2 3 |  3.6
Crossbows      | 1 2 3 |  3.6
Throwing       | 1 2 3 |  3.6
Armour         | 1 2 3 |  3.6
Stealth        | 6 7 |  7.0
Shields        | 1 2 3 |  3.6
Unarmed Combat | 1 2 3 |  3.6
Spellcasting   | 5 6 |  6.2
Invocations    | 1 2 3 4 |  4.0
Evocations     | 1 2 3 |  3.6
Conjurations   | 1 2 |  2.9
Charms         | 1 2 |  2.9
Summonings     | 1 2 |  2.9
Necromancy     | 1 2 |  2.9
Translocations | 1 2 |  2.9
Transmutations | 1 2 |  2.9
Fire Magic     | 1 2 |  2.9
Ice Magic      | 1 2 |  2.9
Air Magic      | 1 2 |  2.9
Earth Magic    | 1 2 |  2.9
Poison Magic   | 1 2 |  2.9
Short Blades   | 3 4 |  4.5
Dodging        | 5 |  5.9
Hexes          | 6 |  6.2

Action                   |  1- 3 |  4- 6 |  7- 9 || total
-------------------------+-------+-------+-------++-------
Melee: Dagger            |    29 |    45 |    47 ||   121
       Bite              |     2 |     3 |    22 ||    27
       Rapier            |       |       |   184 ||   184
       Punch             |       |       |     5 ||     5
       Unarmed           |       |       |    32 ||    32
Throw: Tomahawk          |       |       |     2 ||     2
 Cast: Corona            |     4 |     1 |     1 ||     6
       Ensorcelled Hiber |     5 |    15 |    22 ||    42
       Confuse           |       |     3 |    17 ||    20
       Dazzling Spray    |       |       |     2 ||     2
  Use: Scroll            |     1 |     4 |     3 ||     8
       Potion            |       |     3 |     3 ||     6
 Stab: Sleeping          |     5 |     7 |    10 ||    22
       Confused          |       |     2 |     7 ||     9
  Eat: Chunk             |       |       |     2 ||     2
       Ration            |       |       |     1 ||     1
Armor: Robe              |     4 |     3 |    32 ||    39
       Skin              |       |       |    33 ||    33
Dodge: Dodged            |    23 |    30 |   186 ||   239
Block: Other             |       |     1 |    44 ||    45

Table legend:
 A = Turns spent in this place as a percentage of turns spent in the entire game.
 B = Non-inter-level travel turns spent in this place as a percentage of non-inter-level travel turns spent in the entire game.
 C = Inter-level travel turns spent in this place as a percentage of turns spent in this place.
 D = Turns resting spent in this place as a percentage of non-inter-level travel turns spent in this place.
 E = Turns spent auto-exploring this place as a percentage of non-inter-level travel turns spent in this place.
 F = Non-inter-level travel turns spent in this place divided by the number of levels of this place that you've seen.
                   A       B       C       D       E      F
               +-------+-------+-------+-------+-------+----------------------
         Total | 100.0 | 100.0 |  11.6 |   0.0 |   0.0 | 187.2
       Dungeon |  77.2 |  79.8 |   8.8 |   0.0 |   0.0 | 192.0
        Temple |   6.4 |   1.8 |  75.6 |   0.0 |   0.0 |  30.0
       Ossuary |  16.3 |  18.5 |   0.0 |   0.0 |   0.0 | 311.0
               +-------+-------+-------+-------+-------+----------------------

Table legend:
 A = Kills in this place as a percentage of kills in entire the game.
 B = Kills by you in this place as a percentage of kills by you in the entire game.
 C = Kills by friends in this place as a percentage of kills by friends in the entire game.
 D = Other kills in this place as a percentage of other kills in the entire game.
 E = Experience gained in this place as a percentage of experience gained in the entire game.
 F = Experience gained in this place divided by the number of levels of this place that you have seen.
                   A       B       C       D       E      F
               +-------+-------+-------+-------+-------+----------------------
         Total | 100.0 | 100.0 |   N/A | 100.0 | 100.0 | 249.4
       Dungeon |  68.5 |  69.4 |   N/A |   0.0 |  75.7 | 242.9
       Ossuary |  31.5 |  30.6 |   N/A | 100.0 |  24.3 | 545.0
               +-------+-------+-------+-------+-------+----------------------

Vault maps used:
D:1:      minmay_arrival_radiant_lines, kennysheep_nondescript,
          minmay_tetromino_l2
D:2:      minivault_11
D:3:      serial_bayou_pond_d, minmay_misc_feat_secret_circle
D:4:      first_ration, minivault_24
D:5:      minmay_opposing_rooms, slow_altar_2, zin_academy, temple_statues,
          patterned_corridor
D:6:      kennysheep_mini, nicolae_overflow_crystal_walls,
          nicolae_ossuary_entry_false_entrances, basic_altar
D:7:      uniq_joseph, uniq_duvessa, uniq_prince_ribbit1, uniq_menkaure
Temple:   minmay_temple_bridge_d
Ossuary:  ossuary_zaba_flooded
